 Dungeon Crawl Stone Soup version 0.29-a0-96-g93358da72b (webtiles) character file.

Game seed: 8046537506873268485

49 siradein the Insei (level 3, -2/27 HPs)
             Began as a Merfolk Transmuter on Feb 11, 2022.
             Slain by an orc (5 damage)
             ... on level 3 of the Dungeon.
             The game lasted 00:03:32 (2133 turns).

siradein the Insei (Merfolk Transmuter)             Turns: 2133, Time: 00:03:33

Health: -2/27      AC:  3    Str: 10    XL:     3   Next: 77%
Magic:  6/6        EV: 12    Int: 14    God:
Gold:   49         SH:  0    Dex: 14    Spells: 0/6 levels left

rFire   . . .      SeeInvis .   h - +0 quarterstaff
rCold   . . .      Faith    .   (shield currently unavailable)
rNeg    . . .      Spirit   .   k - +0 leather armour
rPois   .          Reflect  .   (helmet currently unavailable)
rElec   .          Harm     .   (no cloak)
rCorr   .          Rampage  .   (no gloves)
Will    .....                   (boots currently unavailable)
Stlth   +.........              b - amulet of magic regeneration
HPRegen 0.09/turn               (no ring)
MPRegen 0.50/turn               (no ring)

@: appendages (expiring)
A: horns 2, (nimble swimmer 2), mertail
a: End Transformation


You were on level 3 of the Dungeon.
You had temporarily grown beastly horns.
You visited 1 branch of the dungeon, and saw 3 of its levels.

You collected 49 gold pieces.

Inventory:

Hand Weapons
 h - a +0 quarterstaff (weapon)
Missiles
 a - 6 poisoned darts
Armour
 c - a +0 pair of boots (melded)
 k - a +0 leather armour (worn)
Jewellery
 b - an amulet of magic regeneration (around neck)
Scrolls
 e - 2 scrolls of identify {unknown}
 f - a scroll of fear {unknown}
 l - a scroll of teleportation {unknown}
Potions
 d - a potion of haste {unknown}
 g - a potion of attraction {unknown}
 i - a potion of curing {unknown}
 j - a potion of ambrosia {unknown}
 m - a potion of cancellation {unknown}
 n - a potion of magic {unknown}
 o - a potion of heal wounds {unknown}


   Skills:
 + Level 1.9 Fighting
 + Level 3.3 Dodging
 + Level 3.7 Unarmed Combat
 + Level 2.4 Spellcasting
 + Level 3.3 Transmutations


You couldn't memorise any spells.
You knew the following spells:

 Your Spells              Type           Power      Damage    Failure   Level
a - Beastly Appendage     Tmut           20%        N/A       8%          1
b - Wereblood             Tmut           10%        N/A       12%         2
c - Spider Form           Tmut/Pois      6%         N/A       43%         3

Your spell library contained the following spells:

 Spells                   Type           Power      Damage    Failure   Level
 Ice Form                 Ice/Tmut       6%         N/A       83%         4


Dungeon Overview and Level Annotations

Branches:
Dungeon (3/15)

Altars:


Innate Abilities, Weirdness & Mutations

You have temporarily grown beastly horns.
((You are very nimble when in or above water. (Stealth+, EV+, Speed+++)))
Your lower body shifts to a powerful aquatic tail in water.


Message History

Casting: Beastly Appendage (safe; 8% risk of failure)
Confirm with . or Enter, or press ? or * to list all spells.
Your blood is infused with primal strength.
You grow a pair of large bovine horns.
Your +0 pair of boots melds into your body.
An orc comes into view. It is wielding a +0 hand axe.
Your magical contamination has completely faded away.
Your transformation is almost over.
The orc barely misses you.
You hit the orc but do no damage. The orc hits you with a +0 falchion.
You barely miss the orc. The orc hits you with a +0 falchion.
The orc closely misses you.
You hit the orc but do no damage. Your headbutt misses the orc.
The orc hits you with a +0 falchion.
You barely miss the orc. You headbutt the orc, but do no damage.
The orc hits you with a +0 falchion.
You are too injured to fight recklessly!
You are too injured to fight recklessly!
You are too injured to fight recklessly!
The orc shouts!
You hear a shout!
Your horns disappear.
Your +0 pair of boots unmelds from your body.
Your primal bloodlust is almost over.
You see here a +0 ring mail.
Casting: Beastly Appendage (safe; 8% risk of failure)
Confirm with . or Enter, or press ? or * to list all spells.
You grow a pair of large bovine horns.
Your +0 pair of boots melds into your body.
The orc closely misses you.
You closely miss the orc. The orc closely misses you.
You hit the orc.
The orc is lightly wounded.
Your primal bloodlust has ended.
The orc hits you with a +0 falchion.
* * * LOW HITPOINT WARNING * * *
The orc hits you with a +0 falchion.
* * * LOW HITPOINT WARNING * * *
Your transformation is almost over.
The orc hits you with a +0 falchion.
You die...

### ###
#########.# #.###
........#.# #.o.#
######.#.# #.#@#
.........w# #.#.#
........#.# #w#.#
........#w###o#.#
.#......#...[.#.#
#.############.#
#o #.# . #.# #<#


You could see an orc.

Vanquished Creatures
  4 dart slugs
  2 ball pythons
  5 bats
  An endoplasm (D:1)
  A giant cockroach (D:1)
  2 goblins (D:2)
  3 hobgoblins (D:1)
  3 jackals (D:1)
  2 quokkas (D:2)
  3 frilled lizards
  8 kobolds
  3 rats
37 creatures vanquished.

Vanquished Creatures (others)
  A withered plant (D:3)
1 creature vanquished.

Grand Total: 38 creatures vanquished

Notes
Turn   | Place    | Note
-------+----------+-------------------------------------------
     0 | D:1      | siradein the Merfolk Transmuter began the quest for the
                  | Orb.
     0 | D:1      | Reached XP level 1. HP: 15/15 MP: 3/3
   202 | D:1      | Reached XP level 2. HP: 19/21 MP: 5/5
   791 | D:1      | Reached XP level 3. HP: 21/26 MP: 6/6
  1648 | D:2      | Learned a level 2 spell: Wereblood
  1652 | D:2      | Learned a level 3 spell: Spider Form
  2133 | D:3      | Slain by an orc

Illustrated notes

Levels and vault maps discovered:
D:1:      roderic_chinese_lattice_arrival, layout_loops_ring, grunt_decor_cap,
          hangedman_decor_opposing, bh_walls_and_bars
D:2:      layout_rooms, minmay_3d_cube
D:3:      layout_basic, ebering_ecumenical_altar_petrified, grunt_ministairs_6

Skill      XL: |  1  2 |
---------------+-------+-----
Dodging        | 3 |  3.3
Transmutations | 3 |  3.3
Fighting       | |  1.9
Unarmed Combat | |  3.7
Spellcasting   | |  2.4

Action                   || total
-------------------------++-------
Melee: Unarmed           ||    13
       Spear             ||    13
       Headbutt          ||     9
       Quarterstaff      ||    69
       Short sword       ||    10
 Cast: Beastly Appendage ||    27
       Wereblood         ||     1
 Stab: Sleeping          ||     2
Armor: Robe              ||    20
       Leather armour    ||     3
Dodge: Dodged            ||    86

Table legend: (Time is in decaauts)
 A = Elapsed time spent in this place.
 B = Non-inter-level travel time spent in this place.
 C = Inter-level travel time spent in this place.
 D = Time resting spent in this place.
 E = Time spent auto-exploring this place.
 F = Levels seen in this place.
 G = Mean time per level.
                   A        B        C        D        E       F      G
               +--------+--------+--------+--------+--------+-----+--------+
         Total |   2154 |   2143 |     11 |    145 |   1551 |   3 |  718.0 |
       Dungeon |   2154 |   2143 |     11 |    145 |   1551 |   3 |  718.0 |
               +--------+--------+--------+--------+--------+-----+--------+

Top non-repeatable levels by time:
     D:1: 1288 daAuts
     D:2: 579 daAuts
     D:3: 286 daAuts
